 Dungeon Crawl Stone Soup version 0.31-a0-95-g6fa058ef04 (webtiles) character file.

Game seed: 4038106844693459090

92 Maxmaps the Ducker (level 4, -1/38 HPs)
             Began as a Gnoll Gladiator on May 25, 2023.
             Was an Initiate of Gozag.
             Slain by an iguana (7 damage)
             ... on level 3 of the Dungeon.
             The game lasted 00:02:00 (2277 turns).

Maxmaps the Ducker (Gnoll Gladiator)                Turns: 2277, Time: 00:02:01

Health: -1/38      AC:  4    Str: 13    XL:     4   Next: 60%
Magic:  5/5        EV: 14    Int: 10    God:    Gozag
Gold:   83         SH:  0    Dex: 13    Spells: 5/5 levels left

rFire   . . .        a - +0 flail
rCold   . . .        (no shield)
rNeg    . . .        b - +0 leather armour
rPois   .            c - +0 helmet
rElec   .            (no cloak)
rCorr   .            (no gloves)
SInv    .            (no boots)
Will    .....        (no amulet)
Stlth   +            (no ring)
HPRegen 0.26/turn    (no ring)
MPRegen 0.09/turn

%: no passive effects
@: no status effects
A: fangs 1, strong nose, distributed training
a: Renounce Religion, Potion Petition, Call Merchant, Bribe Branch


You were on level 3 of the Dungeon.
You worshipped Gozag.
Gozag was noncommittal.
You visited 1 branch of the dungeon, and saw 3 of its levels.

You collected 120 gold pieces.
You paid 37 gold pieces to Gozag.

Inventory:

Hand Weapons
 a - a +0 flail (weapon)
Missiles
 d - 3 throwing nets (quivered)
 e - a javelin
Armour
 b - a +0 leather armour (worn)
 c - a +0 helmet (worn)
Jewellery
 k - an amulet of guardian spirit
Scrolls
 f - a scroll of identify {unknown}
 g - a scroll of teleportation {unknown}
 h - 3 scrolls of immolation {unknown}
 i - a scroll of fear {unknown}
 l - a scroll of magic mapping {unknown}
 m - a scroll of blinking {unknown}
 o - a scroll of enchant armour {unknown}
 p - a scroll of fog {unknown}
Potions
 j - 2 potions of lignification {unknown}
 n - 2 potions of invisibility {unknown}
 q - a potion of ambrosia {unknown}


   Skills:
 + Level 4.7 Fighting
 + Level 1.2 Short Blades
 + Level 1.2 Long Blades
 + Level 1.2 Axes
 + Level 6.6 Maces & Flails
 + Level 1.2 Polearms
 + Level 1.2 Staves
 + Level 1.2 Ranged Weapons
 + Level 4.7 Throwing
 + Level 1.2 Armour
 + Level 6.6 Dodging
 + Level 1.2 Stealth
 + Level 1.2 Shields
 + Level 1.2 Unarmed Combat
 + Level 1.2 Spellcasting
 + Level 1.0 Conjurations
 + Level 1.0 Hexes
 + Level 1.0 Summonings
 + Level 1.0 Necromancy
 + Level 1.0 Translocations
 + Level 1.0 Transmutations
 + Level 1.0 Fire Magic
 + Level 1.0 Ice Magic
 + Level 1.0 Air Magic
 + Level 1.0 Earth Magic
 + Level 1.0 Poison Magic
 + Level 1.3 Invocations
 + Level 1.2 Evocations


You had 5 spell levels left.
You didn't know any spells.
Your spell library contained the following spells:

 Spells                   Type           Power      Damage    Failure   Level
 Summon Small Mammal      Summ           8%         N/A       28%         1
 Kiss of Death            Conj/Necr      8%         2d6       30%         1
 Call Canine Familiar     Summ           2%         N/A       63%         3
 Confusing Touch          Hex            2%         N/A       63%         3
 Summon Guardian Golem    Hex/Summ       2%         N/A       65%         3
 Dispel Undead            Necr           2%         3d7       95%         4


Dungeon Overview and Level Annotations

Branches:
Dungeon (3/15)

Altars:
Gozag

Shops:
D:3 (


Innate Abilities, Weirdness & Mutations

You have very sharp teeth.
Your uncanny sense of smell can sniff out nearby items.
Your experience applies equally to all skills.


Message History

No target in view!
An iguana comes into view.
Found a stone staircase leading down.
The iguana hisses angrily.
An iguana is nearby!
An iguana is nearby!
An iguana is nearby!
The iguana misses you.
You hit the iguana.
The iguana is lightly wounded.
The iguana bites you!
You hit the iguana but do no damage.
The iguana is lightly wounded.
The iguana closely misses you.
You hit the iguana but do no damage. You bite the iguana, but do no damage.
The iguana is lightly wounded.
The iguana bites you!
You are too injured to fight recklessly!
You are too injured to fight recklessly!
You are too injured to fight recklessly!
You are too injured to fight recklessly!
You are too injured to fight recklessly!
An iguana is nearby!
You are too injured to fight recklessly!
An iguana is nearby!
You hit the iguana. You bite the iguana, but do no damage.
The iguana is moderately wounded.
The iguana bites you!
* * * LOW HITPOINT WARNING * * *
You barely miss the iguana. You bite the iguana, but do no damage.
The iguana is moderately wounded.
The iguana barely misses you. The iguana misses you.
You closely miss the iguana. Your bite misses the iguana.
The iguana is moderately wounded.
The iguana closely misses you.
You hit the iguana. You bite the iguana, but do no damage.
The iguana is severely wounded.
The iguana bites you!
You die...
Your body crumbles into a pile of gold.

####..##### #.# #.# #...# #.# #.#
.......# ####.# #.#### #.......#
##....# #.##.###
.........####.....#######......##
.........+.......................
.........####....########......##
#.......## ##<#.# #.##.###
##.....## # #@# #)#### #l# #[#
... #.# #..#. #.# #>##.#
#.####### #. # #.##.#... ..
##.#....## #. #........#
#........#


You could see an iguana.

Vanquished Creatures
  A jelly (D:3)
  An adder (D:2)
  A worm (D:2)
  An orc (D:3)
  6 ball pythons
  3 bats
  6 endoplasms
  4 giant cockroaches
  8 goblins
  4 hobgoblins
  A quokka (D:2)
  3 frilled lizards
  5 kobolds
  4 rats
48 creatures vanquished.

Notes
Turn   | Place    | Note
-------+----------+-------------------------------------------
     0 | D:1      | Maxmaps the Gnoll Gladiator began the quest for the Orb.
     0 | D:1      | Reached XP level 1. HP: 20/20 MP: 1/1
   105 | D:1      | Reached XP level 2. HP: 26/26 MP: 2/2
   302 | D:1      | Reached XP level 3. HP: 23/31 MP: 3/3
   511 | D:1      | Found a faded altar of an unknown god.
   738 | D:2      | Reached skill level 1 in Invocations
   946 | D:2      | Reached skill level 1 in Short Blades
   946 | D:2      | Reached skill level 1 in Long Blades
   946 | D:2      | Reached skill level 1 in Axes
   946 | D:2      | Reached skill level 1 in Polearms
   946 | D:2      | Reached skill level 1 in Staves
   946 | D:2      | Reached skill level 1 in Ranged Weapons
   946 | D:2      | Reached skill level 1 in Armour
   946 | D:2      | Reached skill level 1 in Stealth
   946 | D:2      | Reached skill level 1 in Shields
   946 | D:2      | Reached skill level 1 in Unarmed Combat
   946 | D:2      | Reached skill level 1 in Spellcasting
   946 | D:2      | Reached skill level 1 in Evocations
  1319 | D:2      | Reached XP level 4. HP: 38/38 MP: 5/5
  1952 | D:3      | Found Mirylloi's Weapon Shop.
  1957 | D:3      | Upgraded the game from 0.31-a0-83-gbff143cfd1 to
                  | 0.31-a0-95-g6fa058ef04
  2030 | D:3      | Found an opulent altar of Gozag.
  2156 | D:3      | Reached skill level 1 in Conjurations
  2156 | D:3      | Reached skill level 1 in Hexes
  2156 | D:3      | Reached skill level 1 in Summonings
  2156 | D:3      | Reached skill level 1 in Necromancy
  2156 | D:3      | Reached skill level 1 in Translocations
  2156 | D:3      | Reached skill level 1 in Transmutations
  2156 | D:3      | Reached skill level 1 in Fire Magic
  2156 | D:3      | Reached skill level 1 in Ice Magic
  2156 | D:3      | Reached skill level 1 in Air Magic
  2156 | D:3      | Reached skill level 1 in Earth Magic
  2156 | D:3      | Reached skill level 1 in Poison Magic
  2217 | D:3      | Became a worshipper of Gozag Ym Sagoz the Greedy
  2277 | D:3      | Slain by an iguana

Illustrated notes

Levels and vault maps discovered:
D:1:      evilmike_arrival_crescent, layout_rooms,
          shapermc_ecumenical_altar_totnotflames, nicolae_figureground_pulse
D:2:      layout_loops_corners, serial_co_window_serial, co_window_paths_a,
          co_window_paths_a, co_window_corner_a, co_window_corner_a,
          co_window_corner_a, co_window_of_opportunity_a, co_window_corner_b,
          co_window_corner_cb, co_window_of_opportunity_c, co_window_broadway_c,
          co_window_corner_b, co_window_sun, co_window_4corner_b
D:3:      layout_loops_corners, nicolae_overflow_crystal_walls, serial_shops,
          nicolae_shop_hallway_plus

Skill      XL: |  1  2  3  4 |
---------------+-------------+-----
Invocations    | 1 |  1.3
Short Blades   | 1 |  1.2
Long Blades    | 1 |  1.2
Axes           | 1 |  1.2
Polearms       | 1 |  1.2
Staves         | 1 |  1.2
Ranged Weapons | 1 |  1.2
Armour         | 1 |  1.2
Stealth        | 1 |  1.2
Shields        | 1 |  1.2
Unarmed Combat | 1 |  1.2
Spellcasting   | 1 |  1.2
Evocations     | 1 |  1.2
Conjurations   | 1 |  1.0
Hexes          | 1 |  1.0
Summonings     | 1 |  1.0
Necromancy     | 1 |  1.0
Translocations | 1 |  1.0
Transmutations | 1 |  1.0
Fire Magic     | 1 |  1.0
Ice Magic      | 1 |  1.0
Air Magic      | 1 |  1.0
Earth Magic    | 1 |  1.0
Poison Magic   | 1 |  1.0
Fighting       | |  4.7
Maces & Flails | |  6.6
Throwing       | |  4.7
Dodging        | |  6.6

Action                     |  1- 3 |  4- 6 || total
---------------------------+-------+-------++-------
  Melee: Flail             |   109 |    18 ||   127
         Bite              |     7 |     5 ||    12
         Punch             |     2 |       ||     2
   Stab: Sleeping          |     1 |       ||     1
 Armour: Leather armour    |    28 |     1 ||    29
  Dodge: Dodged            |    59 |    12 ||    71

Table legend: (Time is in decaauts)
 A = Elapsed time spent in this place.
 B = Non-inter-level travel time spent in this place.
 C = Inter-level travel time spent in this place.
 D = Time resting spent in this place.
 E = Time spent auto-exploring this place.
 F = Levels seen in this place.
 G = Mean time per level.
                   A        B        C        D        E       F      G
               +--------+--------+--------+--------+--------+-----+--------+
         Total |   2287 |   2183 |    104 |      0 |   1871 |   3 |  762.3 |
       Dungeon |   2287 |   2183 |    104 |      0 |   1871 |   3 |  762.3 |
               +--------+--------+--------+--------+--------+-----+--------+

Top non-repeatable levels by time:
     D:2: 1290 daAuts
     D:1: 669 daAuts
     D:3: 327 daAuts
